Map: Orbital Shipyard

Players

Hive

  • Race: Protoss Protoss

Puppytherapy - Winner!

  • Race: Protoss Protoss

VOD

Have the link to the VOD?

Description

Time

  • Played on: May 2, 2015, 7:14 a.m.
  • Length: 7:08
Show
View Real Time Build Order
Export as new Build Order

Hive Protoss 

Build Orders: Phoenix Opening, Phoenix Opening 

Get SALT Encoding   

  12  0:01  Probe  
  13  0:13  Probe  
  14  0:19  Pylon  
  14  0:37  Probe (Chrono Boost)  
  14  0:38  Gateway  
  15  0:47  Probe (Chrono Boost), Assimilator  
  15  0:49  Assimilator  
  16  0:54  Probe  
  17  1:05  Pylon  
  17  1:06  Probe (Chrono Boost)  
  18  1:16  Probe (Chrono Boost)  
  19  1:23  Probe  
  20  1:28  Cybernetics Core  
  20  1:35  Probe (Chrono Boost)  
  21  1:46  Probe (Chrono Boost)  
  22  1:51  Pylon  
  22  1:52  Probe  
  23  2:04  Probe (Chrono Boost)  
  24  2:10  Stargate  
  24  2:16  Mothership Core (Chrono Boost)  
  24  2:18  Adept  
  27  2:29  Warp Gate  
  27  2:43  Nexus  
  27  3:09  Phoenix (Chrono Boost)  
  27  3:11  Probe  
  27  3:12  Stargate  
  30  3:13  Adept  
  32  3:24  Pylon  
  32  3:38  Phoenix (Chrono Boost)  
  32  3:39  Probe, Assimilator  
  35  3:43  Assimilator  
  35  4:04  Oracle (Chrono Boost)  
  36  4:14  Pylon  
  36  4:15  Pylon  
  36  4:16  Probe (Chrono Boost)  
  37  4:17  Pylon  
  38  4:25  Probe (Chrono Boost)  
  38  4:27  Probe (Chrono Boost)  
  39  4:33  Probe (Chrono Boost)  
  40  4:42  Probe  
  40  4:45  Probe  
  40  4:46  Oracle (Chrono Boost)  
  40  4:48  Pylon  
  42  5:01  Forge  
  42  5:03  Probe (Chrono Boost)  
  43  5:09  Probe (Chrono Boost)  
  45  5:19  Probe x2 (Chrono Boost), Oracle (Chrono Boost)  
  49  5:26  Probe x2  
  51  5:36  Photon Cannon  
  51  5:38  Probe (Chrono Boost)  
  53  5:46  Probe (Chrono Boost)  
  53  5:48  Probe (Chrono Boost)  
  54  5:50  Sentry  
  54  5:55  Probe (Chrono Boost)  
  58  6:00  Probe (Chrono Boost)  
  58  6:03  Fleet Beacon  
  58  6:07  Probe (Chrono Boost)  
  58  6:09  Probe (Chrono Boost)  
  60  6:16  Probe x2 (Chrono Boost)  
  62  6:25  Probe  
  63  6:29  Probe  
  64  6:37  Pylon  
  64  6:38  Pylon  
  64  6:41  Pylon  
Show
View Real Time Build Order
Export as new Build Order

Puppytherapy Protoss - Winner!

Build Orders: Blink Stalkers, Dark Templar Rush 

Get SALT Encoding   

  12  0:01  Probe  
  13  0:13  Pylon  
  13  0:18  Probe  
  14  0:31  Gateway  
  14  0:36  Probe (Chrono Boost)  
  15  0:46  Assimilator  
  15  0:47  Probe (Chrono Boost)  
  16  0:51  Assimilator  
  16  0:53  Probe (Chrono Boost)  
  17  1:05  Probe (Chrono Boost)  
  18  1:14  Probe (Chrono Boost)  
  18  1:17  Pylon  
  19  1:19  Cybernetics Core  
  19  1:22  Probe  
  20  1:35  Probe  
  21  1:47  Probe  
  22  1:50  Warp Gate (Chrono Boost)  
  22  1:56  Adept (Chrono Boost)  
  22  1:59  Mothership Core  
  26  2:06  Twilight Council  
  26  2:18  Pylon  
  26  2:26  Stalker  
  28  2:35  Gateway  
  28  2:39  Probe (Chrono Boost)  
  28  2:43  Dark Shrine  
  29  2:51  Probe (Chrono Boost)  
  30  2:57  Probe (Chrono Boost)  
  29  3:12  Pylon  
  29  3:13  Probe  
  30  3:27  Probe, Nexus  
  31  3:42  Blink (Chrono Boost)  
  31  3:47  Stalker  
  31  3:48  Stalker  
  34  4:07  Pylon  
  34  4:09  Dark Templar  
  36  4:19  Dark Templar  
  38  4:29  Probe (Chrono Boost)  
  39  4:39  Probe (Chrono Boost)  
  39  4:44  Probe  
  40  4:46  Probe (Chrono Boost)  
  40  4:50  Stalker  
  40  4:52  Stalker  
  43  4:57  Pylon  
  43  4:58  Probe (Chrono Boost)  
  43  5:02  Probe (Chrono Boost)  
  44  5:07  Probe (Chrono Boost)  
  44  5:10  Probe (Chrono Boost)  
  45  5:14  Stalker  
  45  5:15  Stalker, Probe  
  45  5:21  Probe  
  51  5:22  Assimilator  
  51  5:27  Probe  
  52  5:30  Gateway  
  52  5:35  Gateway  
  52  5:39  Gateway  
  52  5:42  Probe (Chrono Boost)  
  53  5:47  Stalker  
  53  5:48  Stalker  
  57  5:53  Probe (Chrono Boost)  
  57  5:54  Probe (Chrono Boost)  
  61  6:04  Probe x2 (Chrono Boost), Gateway  
  61  6:11  Stalker  
  61  6:12  Stalker  
  65  6:27  Stalker  
  65  6:30  Probe  
  68  6:34  Probe  
  68  6:35  Robotics Facility  
  68  6:36  Assimilator  
  69  6:42  Probe  
  69  6:45  Stalker x4  
  72  6:58  Stalker  
Tags
 
Add a new tag
Caveats
  • Supply blocks, unpowered buildings, or Contaminate may cause inaccurate times.
  • Supply counts are checked every 10 seconds.